 Dungeon Crawl Stone Soup version 0.30-a0-613-gdd512c7efb (webtiles) character file.

Game seed: 1015837177896579676

419 acebull12 the Slasher (level 6, -6/56 HPs)
             Began as a Minotaur Monk on Jan 9, 2023.
             Mangled by an ogre
             ... wielding a +0 giant club
              (25 damage)
             ... on level 4 of the Dungeon.
             The game lasted 00:07:49 (3529 turns).

acebull12 the Slasher (Minotaur Monk)               Turns: 3529, Time: 00:07:50

Health: -6/56      AC:  5    Str: 18    XL:     6   Next: 62%
Magic:  5/5        EV: 12    Int:  7    God:
Gold:   181        SH:  0    Dex: 12    Spells: 5/5 levels left

rFire   . . .      SeeInvis .    a - +0 falchion
rCold   . . .      Faith    .    (no shield)
rNeg    . . .      Spirit   .    i - +0 ring mail
rPois   .          Reflect  .    (helmet restricted)
rElec   .          Harm     .    (no cloak)
rCorr   .          Rampage  .    (no gloves)
Will    .....                    (no boots)
Stlth   +                        (no amulet)
HPRegen 0.29/turn                (no ring)
MPRegen 0.09/turn                (no ring)

@: no status effects
A: horns 2, retaliatory headbutt
a: no special abilities


You were on level 4 of the Dungeon.
You visited 1 branch of the dungeon, and saw 5 of its levels.

You collected 181 gold pieces.

Inventory:

Hand Weapons
 a - a +0 falchion (weapon)
Missiles
 e - 41 stones (quivered)
Armour
 i - a +0 ring mail (worn)
Jewellery
 o - a ring of protection from cold
Scrolls
 d - 2 scrolls of enchant armour {unknown}
 f - 3 scrolls of teleportation {unknown}
 h - 6 scrolls of identify {unknown}
 j - 2 scrolls of amnesia {unknown}
 l - 2 scrolls of enchant weapon {unknown}
 m - a scroll of blinking {unknown}
 q - a scroll of immolation {unknown}
Potions
 b - a potion of degeneration {unknown}
 c - a potion of ambrosia
 g - a potion of brilliance {unknown}
 k - a potion of lignification {unknown}
 n - a potion of cancellation {unknown}
 p - a potion of magic {unknown}
 r - a potion of invisibility {unknown}


   Skills:
 * Level 5.2 Fighting
 * Level 5.8 Long Blades
 * Level 4.0 Armour
 + Level 4.2 Dodging
 + Level 2.3 Stealth


You had 5 spell levels left.
You didn't know any spells.
Your spell library was empty.

Dungeon Overview and Level Annotations

Branches:
Dungeon (5/15)
 Temple: D:4-7

Altars:
Makhleb
Qazlal
Trog
The Shining One

Shops:
D:4 ?


Innate Abilities, Weirdness & Mutations

You have a pair of horns on your head.
You reflexively headbutt those who attack you in melee.


Message History

You closely miss the iguana.
The iguana is heavily wounded.
The iguana bites you!
You hit the iguana. Your headbutt misses the iguana.
The iguana is severely wounded.
The iguana bites you!
You hit the iguana. You headbutt the iguana.
You kill the iguana!
Your Armour skill increases to level 4!
No target in view!
r - a black potion You see here a hobgoblin corpse.
h - 5 scrolls labelled LEAXIU ROAHO (gained 1)
h - 6 scrolls labelled LEAXIU ROAHO (gained 1)
f - 3 scrolls labelled XEGGUO RATO (gained 1)
You see here a hobgoblin corpse.
There is an open door here.
You see here an adder corpse.
The ogre shouts!
You hear a shout!
You closely miss the ogre. You headbutt the ogre.
The ogre is lightly wounded.
The ogre hits you with a +0 giant club!!
An ogre comes into view. It is wielding a +0 giant club.
You hit the ogre.
The ogre is moderately wounded.
You hit the ogre but do no damage. Your headbutt misses the ogre.
The ogre is moderately wounded.
The ogre misses you.
You hit the ogre. Your headbutt misses the ogre.
The ogre is moderately wounded.
The ogre attacks as you move away! The ogre closely misses you.
The ogre attacks as you move away!
The ogre hits you with a +0 giant club!!
Ouch! That really hurt!
* * * LOW HITPOINT WARNING * * *
The ogre attacks as you move away! The ogre barely misses you.
You furiously retaliate!
You headbutt the ogre! The ogre attacks as you move away!
The ogre hits you with a +0 giant club!!
You die...

# #.# #.# #.. # #O# #.# ### #
#.# #.# # #.########## #.# #
#..........# #.# ### #
###....####.# #.# ##.# #
#...###.###.###.### #... #
#...# #..O......[.# ##.# #
#...###.##.O@##.#.# #########
#
###....###..>...#.###.#.#.'.#
# ##...##
#...##.#...#...†.#.# ##
#....# ######.#.####..###.#
.# #....# #.#.# #....#..# .#
##.### #.#.# #..####.# .#
§§#.#§§ #.#.######.#..# #
§§§#.#§§§ #.#.#..†......#
##§§§§#.#§§§§#
#.#.#.#########


You could see 2 ogres.

Vanquished Creatures
  A black bear (D:4)
  2 scorpions (D:5)
  An orc priest (D:3)
  2 iguanas
  3 adders
  A white imp (D:5)
  2 ufetubi (D:5)
  2 dart slugs
  4 worms
  9 orcs
  5 bats
  7 endoplasms
  3 giant cockroaches
  4 goblins
  6 hobgoblins
  4 jackals
  3 quokkas
  6 ball pythons
  4 kobolds
  2 rats (D:1)
71 creatures vanquished.

Notes
Turn   | Place    | Note
-------+----------+-------------------------------------------
     0 | D:1      | acebull12 the Minotaur Monk began the quest for the Orb.
     0 | D:1      | Reached XP level 1. HP: 19/19 MP: 0/0
   203 | D:1      | Reached XP level 2. HP: 27/27 MP: 1/1
   807 | D:2      | Reached XP level 3. HP: 33/33 MP: 2/2
  1002 | D:2      | Found a glowing golden altar of the Shining One.
  1584 | D:3      | Noticed a steam dragon
  2122 | D:3      | Reached skill level 1 in Armour
  2122 | D:3      | Reached XP level 4. HP: 25/41 MP: 3/3
  2420 | D:4      | Found a bloodstained altar of Trog.
  2422 | D:4      | Found a burning altar of Makhleb.
  2528 | D:4      | Noticed a black bear
  2534 | D:4      | Killed a black bear
  2535 | D:4      | Reached skill level 5 in Long Blades
  2535 | D:4      | Reached XP level 5. HP: 25/47 MP: 4/4
  2728 | D:4      | Noticed an ogre
  2775 | D:4      | Found Mebb's Magic Scroll Boutique.
  2803 | D:5      | Entered Level 5 of the Dungeon
  2809 | D:5      | Reached skill level 5 in Fighting
  2809 | D:5      | Reached XP level 6. HP: 8/56 MP: 5/5
  3163 | D:5      | Noticed a water moccasin
  3180 | D:5      | Found a glowing golden altar of the Shining One.
  3295 | D:4      | Found a stormy altar of Qazlal.
  3529 | D:4      | Mangled by an ogre

Illustrated notes

Levels and vault maps discovered:
D:1:      saegor_arrival_simple_b, layout_rooms
D:2:      layout_loops_corners, basic_altar
D:3:      layout_rooms
D:4:      minmay_wonky_spiral, layout_loops_ring,
          nicolae_qazlal_eye_of_the_storm,
          chequers_temple_overflow_statue_of_worship, serial_shops,
          nicolae_shop_waterfront
D:5:      layout_rooms, tso_oasis_becter, gammafunk_temple_overflow_claw,
          chequers_serial_rivers_large_b, corexii_corridor_pit,
          nicolae_shop_firing_range, uniq_duvessa

Skill      XL: |  1  2  3  4  5  6 |
---------------+-------------------+-----
Fighting       | 4 5 |  5.2
Long Blades    | 4 5 |  5.8
Stealth        | 2 |  2.3
Armour         | 1 2 3 4 |  4.0
Dodging        | 4 |  4.2

Action                   |  1- 3 |  4- 6 || total
-------------------------+-------+-------++-------
Melee: Falchion          |    99 |    75 ||   174
       Headbutt          |    15 |    14 ||    29
       Punch             |     2 |       ||     2
 Stab: Sleeping          |     2 |       ||     2
Armor: Robe              |     3 |       ||     3
       Ring mail         |    25 |    20 ||    45
       Leather armour    |     2 |       ||     2
Dodge: Dodged            |    64 |    60 ||   124

Table legend: (Time is in decaauts)
 A = Elapsed time spent in this place.
 B = Non-inter-level travel time spent in this place.
 C = Inter-level travel time spent in this place.
 D = Time resting spent in this place.
 E = Time spent auto-exploring this place.
 F = Levels seen in this place.
 G = Mean time per level.
                   A        B        C        D        E       F      G
               +--------+--------+--------+--------+--------+-----+--------+
         Total |   3547 |   3168 |    379 |    624 |   1733 |   5 |  709.4 |
       Dungeon |   3547 |   3168 |    379 |    624 |   1733 |   5 |  709.4 |
               +--------+--------+--------+--------+--------+-----+--------+

Top non-repeatable levels by time:
     D:2: 1427 daAuts
     D:4: 683 daAuts
     D:1: 496 daAuts
     D:5: 482 daAuts
     D:3: 457 daAuts
